 Dungeon Crawl Stone Soup version 0.31-a0-667-g39726597b9 (webtiles) character file.

Game seed: 6306481123585283083

141682 Gargoyl the Warrior (level 17, -19/169 HPs)
             Began as a Gargoyle Berserker on Sept 4, 2023.
             Was a Priest of Trog.
             Demolished by Agnes
             ... wielding a +3 lajatang of electrocution
              (22 damage)
             ... on level 3 of the Spider Nest.
             The game lasted 00:41:28 (22675 turns).

Gargoyl the Warrior (Gargoyle Berserker)           Turns: 22675, Time: 00:41:29

Health: -19/169    AC: 24    Str: 26 (28) XL:     17   Next: 33%
Magic:  17/17      EV: 16    Int:  7 (9)  God:    Trog [***...]
Gold:   1539       SH: 14    Dex: 16 (17) Spells: 16/16 levels left

rFire   . . .        a - +1 hand axe (freeze)
rCold   + . .        M - +0 kite shield
rNeg    + . .        s - +4 ring mail {rC+}
rPois   ∞            m - +2 helmet
rElec   +            i - +2 cloak
rCorr   .            H - +1 pair of gloves
SInv    .            d - +2 pair of boots
Will    +....        (no amulet) Stlth
                     j - +6 ring of strength
HPRegen 1.28/turn    n - +4 ring of slaying
MPRegen 0.15/turn

%: no passive effects
@: berserking, marked, corroded, flying, very quick
A: sickness immunity, AC +12, big wings, negative energy resistance 1,
electricity resistance, torment resistance 1, petrification resistance, agile 1,
regeneration 1
a: Renounce Religion, Berserk, Trog's Hand


You were on level 3 of the Spider Nest.
You worshipped Trog.
Trog was most pleased with you.
You visited 4 branches of the dungeon, and saw 25 of its levels.

You collected 2295 gold pieces.
You spent 756 gold pieces at shops.

Inventory:

Hand Weapons
 a - a +1 hand axe of freezing (weapon)
 o - a +3 flail of draining
 y - a +2 long sword of venom
 K - a +1 heavy broad axe
 S - a +0 war axe of flaming
Missiles
 e - 32 poisoned darts (quivered)
 U - 4 throwing nets
 V - a curare-tipped dart
Armour
 d - a +2 pair of boots (worn)
 i - a +2 cloak (worn)
 m - a +2 helmet (worn)
 s - a +4 ring mail of cold resistance (worn)
 H - a +1 pair of gloves (worn)
 M - a +0 kite shield (worn)
Jewellery
 j - a +6 ring of strength (left hand)
 n - a +4 ring of slaying (right hand)
 C - the necklace of Bloodlust {Fury *Rage Will++ Int-3 Slay+6}
   (You found it on level 1 of the Lair of Beasts)

   [amulet of nothing]

   Fury:      It extends the wearer's berserk rage when killing foes.
   Int-3:     It affects your intelligence (-3).
   Slay+6:    It affects your accuracy & damage with ranged weapons and melee
   (+6).
   Will++:    It greatly increases your willpower.
   *Rage:     It berserks you when you make melee attacks (+50% chance).
 D - a ring of protection from fire
 O - a ring of magical power
 P - an amulet of faith
 Q - a ring of see invisible
Wands
 p - a wand of flame (14)
 u - a wand of roots (17)
 v - a wand of acid (11)
 z - a wand of polymorph (17)
 I - a wand of paralysis (10)
 L - a wand of mindburst (5)
Scrolls
 g - 6 scrolls of teleportation
 k - 2 scrolls of poison
 w - 2 scrolls of immolation
 x - 4 scrolls of blinking
 B - 2 scrolls of fog
 N - 2 scrolls of revelation
 T - 4 scrolls of identify
 W - a scroll of silence
 X - a scroll of enchant armour
Potions
 b - 3 potions of lignification
 c - 4 potions of resistance
 f - a potion of degeneration
 l - 2 potions of mutation
 q - a potion of berserk rage
 r - a potion of cancellation {unknown}
 t - 3 potions of magic
 A - 5 potions of attraction
 E - 3 potions of might
 F - 5 potions of haste
 J - 2 potions of curing
 R - 2 potions of enlightenment
 Y - a potion of brilliance {unknown}


   Skills:
 + Level 15.6 Fighting
 + Level 9.5 Long Blades
 + Level 15.1 Axes
 + Level 1.5(10.8) Maces & Flails
 + Level 0.9 Throwing
 + Level 9.8 Armour
 + Level 10.1 Dodging
 + Level 4.9 Stealth
 + Level 15.0 Shields
 + Level 0.3 Evocations


You had 16 spell levels left.
You didn't know any spells.
Your spell library was empty.

Dungeon Overview and Level Annotations

Branches:
Dungeon (15/15)            Temple (0/1) D:4            Lair (5/5) D:11
 Shoals (0/4) Lair:3       Spider (3/4) Lair:3        Slime (0/5) Lair:4
    Orc (2/2) D:12            Elf (0/3) Orc:2        Vaults (0/5) D:14
 Depths (0/4) D:15

Altars:
Dithmenos
Elyvilon
Okawaru
Sif Muna
Trog
Zin
Jiyva

Shops:
D:15 ?   Orc:2 *(*:[(

Annotations:
Spider:3 Agnes


Innate Abilities, Weirdness & Mutations

You are immune to sickness and miasma.
Your stone body is resilient. (AC +12)
You are immune to poison.
Your large and strong wings let you fly.
You resist negative energy. (rN+)
You are resistant to electric shocks. (rElec)
You are resistant to unholy torment.
You are immune to petrification.
You are agile. (Dex +4, Str/Int -1)
Your natural rate of healing is unusually fast.


Message History

You block the entropy weaver's attack. The entropy weaver hits you.
* * * LOW HITPOINT WARNING * * *
The entropy weaver hits you but does no damage.
The entropy weaver hits you.
* * * LOW HITPOINT WARNING * * *
The entropy weaver hits you but does no damage.
You hit the culicivora. You freeze the culicivora.
You kill the culicivora!
Trog accepts your kill.
You hit Agnes. You freeze Agnes. You barely miss the jumping spider.
You hit the entropy weaver but do no damage.
You slash the entropy weaver! You freeze the entropy weaver.
Agnes hits you with a +3 lajatang of electrocution!
* * * LOW HITPOINT WARNING * * *
You block the jumping spider's attack. The jumping spider barely misses you.
Your Shields skill increases to level 15!
You hit the culicivora but do no damage.
You slash Agnes! You freeze Agnes!
You hit the jumping spider but do no damage.
You barely miss the entropy weaver.
You hit the entropy weaver but do no damage.
You block Agnes's attack. The entropy weaver misses you.
The entropy weaver closely misses you. The entropy weaver hits you.
* * * LOW HITPOINT WARNING * * *
You block the entropy weaver's attack.
The entropy weaver hits you but does no damage.
The entropy weaver barely misses you.
The entropy weaver hits you but does no damage.
The entropy weaver hits you!
* * * LOW HITPOINT WARNING * * *
You barely miss the entropy weaver.
The entropy weaver is heavily wounded.
You hit the jumping spider but do no damage.
You closely miss the entropy weaver. You slash the culicivora!
You freeze the culicivora. You closely miss Agnes.
You block the culicivora's attack. You block the jumping spider's attack.
The jumping spider bites you.
* * * LOW HITPOINT WARNING * * *
Agnes hits you with a +3 lajatang of electrocution!!
You die...

##. ##..#.....#.#....#^.
#...#..#....##...^#..##.
#^..#^.....#...#.#....^.
#.....#.#.....^.#.#.#..
#..##.....##.^#.#...##
#....#..#^#^#....#....
##^#.#.†#...^#....#.##
#^.^†sB...##...#....#.
#..#i@#..#....#...#...
####.#.#Bs.##..##.#...##.
##..........#..#...^...^..
#......#..#........#..#..#
#........#...#.#..^##...##
#s..##..#.#.....^...###.##
...^##.....#....^.. ## ###
######.#....##..###
##.s.#..#..#.†^...##


You could see Agnes, 2 entropy weavers, a culicivora and a jumping spider.

Vanquished Creatures
  Arachne (Spider:3)
  The ghost of Iluol the Brawler, an adept TrSh of Trog (Spider:2)
  Frances (Spider:1)
  Donald (Spider:1)
  An emperor scorpion (Spider:3)
  A ghost moth (Spider:2)
  A reaper (Lair:5)
  A broodmother (Spider:2)
  A very ugly thing (D:15)
  4 spark wasps
  Snorg (D:12)
  3 entropy weavers
  5 vault guards (D:14)
  A catoblepas (Lair:4)
  2 ogre magi (D:14)
  A radroach (Spider:3)
  6 centaur warriors
  5 hydras
  A death knight (D:15)
  4 boulder beetles
  2 two-headed ogres (D:11)
  5 demonic crawlers
  An orc high priest (Orc:2)
  A skyshark (Lair:5)
  Amaemon (D:8)
  Urug (Orc:2)
  6 pharaoh ants
  A glowing orange brain (D:15)
  A goliath frog (Lair:5)
  A spectral spark wasp (Spider:2)
  A sun moth (Spider:3)
  3 orb spiders
  4 steelbarb worms
  A phantasmal warrior (D:15)
  4 orc knights
  An orc sorcerer (Orc:2)
  Pikel (D:5)
  3 deep elf pyromancers
  A spectral jorogumo (Spider:2)
  11 wolf spiders
  11 ugly things
  3 cyclopes
  2 manticores
  21 elephants
  2 moths of wrath
  7 black mambas
  22 slime creatures
  5 torpor snails
  An orange demon (D:8)
  24 cane toads
  A rime drake (Lair:5)
  3 gargoyles
  2 kobold demonologists
  3 efreet
  3 freezing wraiths (D:15)
  8 komodo dragons
  A spark wasp simulacrum (Spider:2)
  3 trolls
  4 meliai
  6 polar bears
  A tyrant leech (Lair:5)
  A polar bear (shapeshifter) (D:14)
  A tyrant leech (shapeshifter) (D:15)
  3 dream sheep (Lair:5)
  A hornet (D:7)
  20 tarantellas
  A broodmother simulacrum (Spider:2)
  A slime creature (shapeshifter) (D:15)
  A snapping turtle (Lair:3)
  12 blink frogs
  12 jumping spiders
  Sigmund (D:5)
  A water elemental (D:15)
  2 shadows
  4 wyverns
  A vampire (D:12)
  16 culicivoras
  4 wraiths
  A human (shapeshifter) (D:15)
  Eustachio (D:5)
  54 yaks
  Grum (D:8)
  3 humans
  33 redbacks
  4 basilisks
  14 vampire mosquitoes
  Edmund (D:4)
  The ghost of GreedOfGod the Insei, an amateur OpSh (D:3)
  2 wargs (Orc:2)
  An acid dragon (D:13)
  21 water moccasins
  A swamp drake (shapeshifter) (D:15)
  A sky beast (D:9)
  3 black bears
  2 ice beasts
  21 orc warriors
  5 ogres
  12 centaurs
  18 wolves
  2 kobold brigands
  Blork the orc (D:4)
  3 gnoll sergeants
  24 bullfrogs
  5 scorpions
  9 wights
  6 electric eels
  A howler monkey (D:11)
  A lava snake (Lair:1)
  24 orc priests
  A hound (D:7)
  3 sleepcaps
  A gnoll bouda (D:9)
  An iguana (D:6)
  Ijyb (D:5)
  21 orc wizards
  5 hell rats (Lair:3)
  Robin (D:4)
  6 adders
  20 gnolls
  2 shadow imps (D:6)
  2 white imps
  A worm (D:4)
  2 dart slugs (D:1)
  46 orcs
  4 ball pythons
  7 bats
  8 endoplasms
  17 goblins
  14 hobgoblins
  9 jackals
  11 kobolds
  2 quokkas
  A frilled lizard (D:3)
  8 rats
777 creatures vanquished.

Vanquished Creatures (collateral kills)
  An orc warlord (Orc:2)
  A rakshasa (D:15)
  A demonic crawler (Spider:3)
  A spectral emperor scorpion (Spider:2)
  An orb spider (Spider:1)
  A spectral jorogumo (Spider:2)
  2 orc sorcerers (Orc:2)
  7 elephants
  An emperor scorpion simulacrum (Spider:2)
  A gargoyle (D:12)
  A cane toad (Lair:5)
  A spark wasp simulacrum (Spider:2)
  2 meliai (D:14)
  2 trolls
  A blink frog (Lair:5)
  A wraith (D:12)
  A vampire mosquito (Lair:5)
  A warg (Orc:2)
  3 radroach simulacra (Spider:2)
  2 orc warriors (Orc:2)
  An ogre (Orc:2)
  A bullfrog (Lair:5)
  An orc priest (Orc:2)
  An orc (Orc:2)
36 creatures vanquished.

Vanquished Creatures (others)
  A rime drake (Lair:3)
1 creature vanquished.

Grand Total: 814 creatures vanquished

Notes
Turn   | Place    | Note
-------+----------+-------------------------------------------
     0 | D:1      | Gargoyl the Gargoyle Berserker began the quest for the Orb.
     0 | D:1      | Reached XP level 1. HP: 14/14 MP: 1/1
   145 | D:1      | Reached XP level 2. HP: 19/19 MP: 2/2
   318 | D:1      | Found a faded altar of an unknown god.
   393 | D:1      | Reached XP level 3. HP: 24/24 MP: 3/3
   469 | D:1      | Reached ** piety under Trog
   835 | D:2      | Found a glowing silver altar of Zin.
  1121 | D:2      | Reached XP level 4. HP: 29/29 MP: 4/4
  1136 | D:2      | Reached skill level 1 in Stealth
  1998 | D:3      | Reached XP level 5. HP: 14/33 MP: 5/5
  2253 | D:3      | Noticed a black bear
  2260 | D:3      | Killed a black bear
  2396 | D:3      | Found a runed translucent gate.
  2396 | D:3      | Found a runed translucent gate.
  2396 | D:3      | Found a runed translucent gate.
  2396 | D:3      | Noticed GreedOfGod's ghost (amateur OpSh)
  2642 | D:3      | Reached XP level 6. HP: 39/39 MP: 6/6
  3050 | D:3      | Killed GreedOfGod's ghost
  3051 | D:3      | Reached skill level 5 in Axes
  3131 | D:4      | Noticed Robin
  3150 | D:4      | Killed Robin
  3323 | D:4      | Found a white marble altar of Elyvilon.
  3447 | D:4      | Reached XP level 7. HP: 44/44 MP: 7/7
  3483 | D:4      | Noticed Blork the orc
  3493 | D:4      | Killed Blork the orc
  3494 | D:4      | Reached skill level 5 in Fighting
  3523 | D:4      | Found a staircase to the Ecumenical Temple.
  3643 | D:4      | Noticed Edmund
  3654 | D:4      | Killed Edmund
  3872 | D:5      | Entered Level 5 of the Dungeon
  3946 | D:5      | Reached XP level 8. HP: 27/51 MP: 8/8
  4033 | D:5      | Noticed Sigmund
  4046 | D:5      | Killed Sigmund
  4047 | D:5      | Reached skill level 1 in Shields
  4091 | D:5      | Reached skill level 5 in Armour
  4197 | D:5      | Noticed Pikel
  4215 | D:5      | Killed Pikel
  4402 | D:5      | Noticed Eustachio
  4424 | D:5      | Killed Eustachio
  4431 | D:5      | Found an iron altar of Okawaru.
  4475 | D:5      | Reached XP level 9. HP: 56/56 MP: 9/9
  4483 | D:5      | Noticed Ijyb
  4495 | D:5      | Killed Ijyb
  4781 | D:6      | Found a shimmering blue altar of Sif Muna.
  5002 | D:6      | Found a bloodstained altar of Trog.
  5083 | D:6      | Reached *** piety under Trog
  6056 | D:7      | Reached skill level 1 in Long Blades
  6517 | D:7      | Noticed a hornet
  6525 | D:7      | Killed a hornet
  6760 | D:8      | You fall into a shaft and drop 3 floors!
  6785 | D:11     | Reached XP level 10. HP: 55/64 MP: 10/10
  6788 | D:11     | Noticed a two-headed ogre
  6796 | D:11     | Killed a two-headed ogre
  6797 | D:11     | Reached skill level 5 in Long Blades
  6806 | D:11     | Noticed a kobold demonologist
  6809 | D:11     | Found a staircase to the Lair.
  6816 | D:11     | Killed a kobold demonologist
  6847 | D:11     | Gained mutation: Your natural rate of healing is unusually
                  | fast. [potion of mutation]
  6847 | D:11     | Gained mutation: You are agile. (Dex +4, Str/Int -1)
                  | [potion of mutation]
  7116 | D:11     | Noticed a cyclops
  7128 | D:11     | Killed a cyclops
  7201 | D:11     | Noticed a two-headed ogre
  7207 | D:11     | Killed a two-headed ogre
  7218 | D:10     | Entered Level 10 of the Dungeon
  7234 | D:10     | Reached XP level 11. HP: 69/69 MP: 11/11
  7645 | D:8      | Found a shadowy altar of Dithmenos.
  7647 | D:8      | Noticed Amaemon
  7664 | D:8      | Killed Amaemon
  7786 | D:8      | Noticed Grum
  7814 | D:8      | Killed Grum
  8291 | D:9      | Reached skill level 5 in Shields
  8304 | D:9      | Reached **** piety under Trog
  8740 | D:9      | Reached skill level 5 in Dodging
  8959 | Lair:1   | Entered Level 1 of the Lair of Beasts
  9008 | Lair:1   | Found the necklace of Bloodlust {Fury *Rage Will++ Int-3
                  | Slay+6}
  9380 | Lair:1   | Found the +8 whip "Snakebite" {venom, curare, rPois}
  9930 | Lair:2   | Reached XP level 12. HP: 77/77 MP: 12/12
  9988 | Lair:2   | Reached skill level 10 in Fighting
 10106 | Lair:2   | Reached ***** piety under Trog
 10737 | Lair:3   | Found a hole to the Spider Nest.
 10759 | Lair:3   | Reached skill level 10 in Axes
 10900 | Lair:3   | Reached XP level 13. HP: 84/84 MP: 13/13
 11121 | Lair:3   | Found a staircase to the Shoals.
 11803 | Lair:4   | Received a gift from Trog
 12044 | Lair:4   | Reached skill level 1 in Maces & Flails
 12180 | Lair:4   | Found a viscous altar of Jiyva.
 12180 | Lair:4   | Found a staircase to the Slime Pits.
 12726 | Lair:5   | Entered Level 5 of the Lair of Beasts
 12825 | Lair:5   | Gained mutation: Your large and strong wings let you fly.
                  | [Gargoyle growth]
 12825 | Lair:5   | Reached XP level 14. HP: 92/92 MP: 14/14
 12959 | Lair:5   | Identified the +7 shortbow of Destiny {heavy, rPois rF+
                  | MP-9 Str+4}
 13931 | Lair:5   | Reached skill level 10 in Shields
 13958 | Lair:5   | Found a runed translucent door.
 13976 | Lair:5   | Noticed a reaper
 13997 | Lair:5   | Killed a reaper
 13999 | Lair:5   | Identified the +2 mace of Action {flame, rN+ rCorr MP-9
                  | Dex+3}
 14797 | D:12     | Noticed Snorg
 14820 | D:12     | Killed Snorg
 14834 | D:12     | Received a gift from Trog
 14927 | D:12     | Found a staircase to the Orcish Mines.
 15710 | D:13     | Reached XP level 15. HP: 91/99 MP: 15/15
 16499 | D:14     | Found a gate to the Vaults.
 16506 | D:14     | Identified the +5 whip of Syriush {freeze, rC+ Dex-2
                  | Stlth+}
 16784 | D:15     | Entered Level 15 of the Dungeon
 16791 | D:15     | Found Rotus's Magic Scroll Shoppe.
 16799 | D:15     | Bought a scroll of revelation for 112 gold pieces
 16799 | D:15     | Bought a scroll of enchant armour for 112 gold pieces
 16799 | D:15     | Bought 3 scrolls of blinking for 337 gold pieces
 16799 | D:15     | Bought a scroll of teleportation for 45 gold pieces
 16799 | D:15     | Bought a scroll of fear for 60 gold pieces
 16799 | D:15     | Bought a scroll of teleportation for 45 gold pieces
 17513 | D:15     | Found a staircase to the Depths.
 17743 | Orc:1    | Entered Level 1 of the Orcish Mines
 17912 | Orc:1    | Reached XP level 16. HP: 103/106 MP: 16/16
 18222 | Orc:2    | Entered Level 2 of the Orcish Mines
 18225 | Orc:2    | Found a staircase to the Elven Halls.
 18397 | Orc:2    | Noticed Urug
 18420 | Orc:2    | Killed Urug
 18442 | Orc:2    | HP: 5/107 [orc priest/+0 hand axe (4)]
 18460 | Orc:2    | Found Uwanoapn's Weapon Shop.
 18606 | Orc:2    | Found Dezy's Antique Armour Boutique.
 18624 | Orc:2    | Found Pis Dusa's General Store.
 18636 | Orc:2    | Found Zakhloch's Book Boutique.
 18725 | Orc:2    | Bought a potion of curing for 45 gold pieces
 18871 | Orc:2    | Found Voig's Overcharged Wands.
 18986 | Orc:2    | Found Yffonyemn's Antique Weapon Boutique.
 19354 | Spider:1 | Entered Level 1 of the Spider Nest
 19611 | Spider:1 | Noticed Donald
 19639 | Spider:1 | Killed Donald
 19899 | Spider:1 | Noticed Frances
 19915 | Spider:1 | Killed Frances
 20812 | Spider:2 | Found a runed translucent gate.
 20812 | Spider:2 | Found a runed translucent gate.
 20812 | Spider:2 | Found a runed translucent gate.
 20826 | Spider:2 | Noticed Iluol's ghost (adept TrSh)
 20967 | Spider:2 | Reached skill level 15 in Fighting
 21394 | Spider:2 | Identified the +2 ring mail of Gugompam {Harm rC+}
 21941 | Spider:2 | Killed Iluol's ghost
 21943 | Spider:2 | Reached XP level 17. HP: 93/113 MP: 17/17
 22026 | Spider:3 | Reached skill level 15 in Axes
 22321 | Spider:3 | Noticed Arachne
 22322 | Spider:3 | Noticed Agnes
 22427 | Spider:3 | Killed Arachne
 22428 | Spider:3 | Reached skill level 10 in Dodging
 22674 | Spider:3 | Reached skill level 15 in Shields
 22674 | Spider:3 | HP: 5/169 [entropy weaver (11)]
 22675 | Spider:3 | Demolished by Agnes

Illustrated notes

Levels and vault maps discovered:
D:1:      minmay_arrival_nine_rooms, layout_loops_ring, basic_ecumenical_altar,
          grunt_decor_cap
D:2:      layout_basic, basic_altar, minmay_octomino_j4
D:3:      layout_basic, gammafunk_ghost_split
D:4:      layout_loops_ring, overflow_temple_1_default, temple_statues,
          grunt_tough_drop, uniq_blork_the_orc, uniq_robin, uniq_edmund
D:5:      layout_loops_cross, okawaru_gym_becter, uniq_ijyb, uniq_sigmund,
          uniq_pikel, uniq_eustachio
D:6:      layout_basic, mainiacjoe_overflow_boulevard,
          nicolae_sif_muna_condensation
D:7:      layout_loops_ring, kennysheep_doodads
D:8:      layout_basic, nicolae_dithmenos_through_a_glass_darkly, serial_glass,
          glass_columns_c, glass_columns_c, minmay_misc_feat_encased,
          minmay_holes, sigmund_army, uniq_amaemon, uniq_grum
D:9:      layout_loops_ring, minivault_25
D:10:     layout_basic, overflow_temple_1_default
D:11:     layout_basic, grunt_lair_entry_orc_guard_hut,
          hangedman_decor_slide_cut
D:12:     layout_cave_pods, david_orc_3, drop_trap, uniq_snorg
D:13:     layout_rooms
D:14:     layout_small_grid, grunt_vaults_entry_fortified, minmay_orc_keep
D:15:     gammafunk_enter_depths_forms, layout_cave_pools, serial_ice,
          serial_ice_c, serial_ice_f, serial_ice_b, serial_ice_k, serial_shops,
          shop, nicolae_kite_square_tiling_tiny
Lair:1:   minmay_guarded_unrand_snakebite, layout_gridlike
Lair:2:   layout_regular_city, serial_bayou_ford_a
Lair:3:   layout_loops_ring, minmay_shoals_entry_hut,
          nicolae_spider_entry_lesser_pyramids, st_stairs_8
Lair:4:   layout_regular_city, slime_entry_1, patterned_corridor,
          infiniplex_staircase_pool_2
Lair:5:   minmay_lair_end_frog_pond, layout_gridlike,
          nicolae_quartered_pool_little, minivault_24,
          chequers_serial_rivers_small_a, chequers_serial_rivers_room_a,
          pdpol_lair_cabin_in_the_woods
Spider:1: layout_chambers, uniq_frances, uniq_donald
Spider:2: layout_spider_delve, gammafunk_ghost_necromancy
Spider:3: nicolae_spider_mines_1, uniq_agnes, uniq_arachne
Orc:1:    layout_caves
Orc:2:    grunt_orc_cross, layout_diamond_mine, serial_shops, shop,
          nicolae_shop_overcharged_wands

Skill      XL: |  1  2  3  4  5  6  7  8  9 10 11 12 13 14 15 16 17 |
---------------+----------------------------------------------------+-----
Axes           | 3 4 5 6 7 8 10 12 13 14 15 | 15.1
Fighting       | 4 5 6 7 8 9 11 12 13 14 15 | 15.6
Stealth        | 1 2 3 4 |  4.9
Dodging        | 2 3 4 5 6 7 8 9 10 | 10.1
Armour         | 3 4 5 6 7 8 9 |  9.8
Shields        | 2 4 6 7 9 10 12 14 15 | 15.0
Long Blades    | 4 7 9 |  9.5
Maces & Flails | 1 |  1.5
Throwing       | |  0.9
Evocations     | |  0.3

Action                     |  1- 3 |  4- 6 |  7- 9 | 10-12 | 13-15 | 16-18 || total
---------------------------+-------+-------+-------+-------+-------+-------++-------
  Melee: Hand axe          |   114 |   141 |   175 |   154 |  1291 |   887 ||  2762
         Long sword        |       |       |    88 |   405 |       |       ||   493
         Flail             |       |       |       |       |    16 |       ||    16
         War axe           |       |       |       |       |    18 |       ||    18
  Throw: Dart              |       |       |       |     1 |     8 |     7 ||    16
 Invoke: Berserk           |       |     5 |     6 |     4 |    19 |    17 ||    51
         Trog's Hand       |       |     1 |     4 |     5 |    17 |    16 ||    43
         Brothers in Arms  |       |       |       |       |     6 |     6 ||    12
  Evoke: Wand              |       |       |       |       |       |     3 ||     3
    Use: Scroll            |     5 |     4 |     5 |     7 |    10 |    11 ||    42
         Potion            |       |       |       |     9 |     1 |     8 ||    18
   Stab: Sleeping          |       |       |       |     3 |     3 |     1 ||     7
         Distracted        |       |       |       |       |     3 |     1 ||     4
 Armour: Animal skin       |    54 |       |       |       |       |       ||    54
         Plate armour      |     2 |   114 |    12 |       |       |       ||   128
         Ring mail         |       |       |   167 |   463 |   973 |   889 ||  2492
  Dodge: Dodged            |    79 |    58 |   119 |   326 |   756 |   605 ||  1943
  Block: Buckler           |       |     8 |    47 |    53 |       |       ||   108
         Kite shield       |       |       |       |   233 |   905 |   701 ||  1839

Table legend: (Time is in decaauts)
 A = Elapsed time spent in this place.
 B = Non-inter-level travel time spent in this place.
 C = Inter-level travel time spent in this place.
 D = Time resting spent in this place.
 E = Time spent auto-exploring this place.
 F = Levels seen in this place.
 G = Mean time per level.
                   A        B        C        D        E       F      G
               +--------+--------+--------+--------+--------+-----+--------+
         Total |  22556 |  21646 |    910 |    672 |  14771 |  25 |  902.2 |
       Dungeon |  12748 |  12309 |    439 |    253 |   8885 |  15 |  849.9 |
          Lair |   5220 |   4940 |    280 |     85 |   3222 |   5 | 1044.0 |
   Spider Nest |   3186 |   3073 |    113 |    333 |   1690 |   3 | 1062.0 |
  Orcish Mines |   1399 |   1322 |     77 |      0 |    973 |   2 |  699.5 |
               +--------+--------+--------+--------+--------+-----+--------+

Top non-repeatable levels by time:
Spider:1: 1385 daAuts
     D:3: 1372 daAuts
  Lair:5: 1264 daAuts
     D:6: 1238 daAuts
Spider:2: 1189 daAuts
    D:11: 1083 daAuts
  Lair:4: 1082 daAuts
  Lair:3: 1077 daAuts
     D:2: 957 daAuts
    D:14: 953 daAuts
   Orc:2: 941 daAuts
  Lair:2: 928 daAuts
  Lair:1: 868 daAuts
     D:8: 863 daAuts
     D:1: 846 daAuts
